 Dungeon Crawl Stone Soup version 0.30-a0-50-gb2d611f6b1 (webtiles) character file.

Game seed: 2030130830686946102

332 timneilson the Covered (level 6, 0/38 HPs)
             Began as a Gargoyle Fighter on Sept 3, 2022.
             Slain by a hound (5 damage)
             ... on level 3 of the Dungeon.
             The game lasted 00:04:06 (3555 turns).

timneilson the Covered (Gargoyle Fighter)           Turns: 3555, Time: 00:04:07

Health: 0/38       AC: 14    Str: 28    XL:     6   Next: 52%
Magic:  6/6        EV: 10    Int:  8    God:
Gold:   167        SH:  4    Dex:  9    Spells: 5/5 levels left

rFire   . . .      SeeInvis +    a - +0 long sword
rCold   . . .      Faith    .    c - +0 buckler
rNeg    + . .      Spirit   .    b - +0 scale mail
rPois   ∞          Reflect  .    m - +0 helmet
rElec   +          Harm     .    (no cloak)
rCorr   .          Rampage  .    o - +0 pair of gloves
Will    .....                    (no boots)
Stlth   ..........               (no amulet)
HPRegen 0.12/turn                e - +6 ring of strength
MPRegen 0.10/turn                r - ring of see invisible

@: no status effects
A: sickness immunity, AC +4, negative energy resistance 1, electricity
resistance, torment resistance 1, petrification resistance
a: no special abilities


You were on level 3 of the Dungeon.
You visited 1 branch of the dungeon, and saw 3 of its levels.

You collected 167 gold pieces.

Inventory:

Hand Weapons
 a - a +0 long sword (weapon)
Armour
 b - a +0 scale mail (worn)
 c - a +0 buckler (worn)
 m - a +0 helmet (worn)
 o - a +0 pair of gloves (worn)
 q - +0 ice dragon scales
Jewellery
 e - a +6 ring of strength (left hand)
 r - a ring of see invisible (right hand)
Scrolls
 g - a scroll of immolation {unknown}
 l - a scroll of teleportation
Potions
 f - 2 potions of lignification
 h - a potion of brilliance
 i - a potion of heal wounds
 j - a potion of invisibility {unknown}
 k - a potion of degeneration {unknown}
 n - 2 potions of flight {unknown}
 p - 2 potions of attraction {unknown}


   Skills:
 + Level 4.0 Fighting
 * Level 3.3 Long Blades
 * Level 4.9 Armour
 + Level 1.5 Dodging
 * Level 4.7 Shields


You had 5 spell levels left.
You didn't know any spells.
Your spell library contained the following spells:

 Spells                   Type           Power      Damage    Failure   Level
 Petrify                  Tmut/Erth      0%         N/A       100%        4
 Blade Hands              Tmut           0%         N/A       100%        5
 Irradiate                Conj/Tmut      0%         3d11      100%        5
 Dragon Form              Tmut           0%         N/A       100%        7
 Sublimation of Blood     Necr           Unusable   N/A       N/A         2

Dungeon Overview and Level Annotations

Branches:
Dungeon (3/15)

Altars:
Zin

Shops:
D:3 *


Innate Abilities, Weirdness & Mutations

You are immune to sickness and miasma.
Your stone body is resilient. (AC +4)
You are immune to poison.
You resist negative energy. (rN+)
You are resistant to electric shocks. (rElec)
You are resistant to unholy torment.
You are immune to petrification.


Message History

The hound bites you but does no damage.
You barely miss the hound. The hound closely misses you.
The gnoll hits you but does no damage. The hound bites you but does no damage.
The gnoll hits you from afar with a +0 spear.
You completely miss the hound. The hound closely misses you.
The hound barely misses you. The gnoll closely misses you.
You miss the hound. The hound bites you but does no damage.
The gnoll barely misses you. The hound closely misses you.
You slash the hound!
The hound is heavily wounded.
The hound bites you but does no damage. The gnoll hits you but does no damage.
The hound bites you but does no damage.
You closely miss the hound.
The hound is heavily wounded.
The gnoll hits you from afar with a +0 spear.
The hound barely misses you.
You closely miss the hound.
The hound is heavily wounded.
The hound bites you but does no damage. The gnoll hits you but does no damage.
The hound bites you.
The gnoll hits you from afar with a +0 spear.
* * * LOW HITPOINT WARNING * * *
You barely miss the hound.
The hound is heavily wounded.
The hound bites you but does no damage. x2; You block the gnoll's attack.
You barely miss the hound.
The hound is moderately wounded.
The hound bites you but does no damage. The gnoll closely misses you.
The hound closely misses you.
You hit the hound.
The hound is heavily wounded.
The hound completely misses you. The gnoll closely misses you.
The hound bites you but does no damage. You block the gnoll's attack.
You barely miss the hound.
The hound is heavily wounded.
The hound bites you but does no damage.
The gnoll hits you from afar with a +0 spear.
* * * LOW HITPOINT WARNING * * *
The hound bites you.
You die...

####.#.# #.# #... .....#.#
#.# ######...
###..#.#####.# #....#...
...........#.#
#########....#..†
#....#.###.#.#
#.....>......#... .....#.#
#.#.####.........####...
.....#.#
#.#...#...........# #...
..#..#.#
#.###.#...........# #...
..#..#.# #.#
#.#@#########.# #...
######.# #.# #.#h# #####.#
#.## ... #.# #.# #.#g#
#.....###.# ...
#.###+###.#.## #.#.......#
###
#.#....##.#..####.#.......#
..#
#.#....##.......#)#.......#
..#
#.+....'...P.P...(#.......#
..#
###....#####'######.......#
..# #....# +.. #..........#


You could see a hound and a gnoll.

Vanquished Creatures
  Grinder (D:3)
  A hound (D:3)
  2 adders (D:2)
  3 dart slugs
  An orc (D:3)
  3 bats
  11 endoplasms
  3 giant cockroaches
  4 goblins
  9 hobgoblins
  2 quokkas (D:1)
  7 ball pythons
  5 frilled lizards
  6 kobolds
  6 rats
64 creatures vanquished.

Notes
Turn   | Place    | Note
-------+----------+-------------------------------------------
     0 | D:1      | timneilson the Gargoyle Fighter began the quest for the
                  | Orb.
     0 | D:1      | Reached XP level 1. HP: 14/14 MP: 1/1
   157 | D:1      | Reached XP level 2. HP: 18/19 MP: 2/2
   470 | D:1      | HP: 1/28 [frozen (3)]
   859 | D:1      | Reached XP level 3. HP: 22/23 MP: 3/3
  1492 | D:1      | Found a faded altar of an unknown god.
  1997 | D:2      | Reached XP level 4. HP: 24/28 MP: 4/4
  2877 | D:3      | Reached skill level 1 in Dodging
  2892 | D:3      | Found Zin's Purification Station.
  2893 | D:3      | Found a glowing silver altar of Zin.
  3185 | D:3      | Noticed Grinder
  3189 | D:3      | Paralysed by Grinder for 2 turns
  3196 | D:3      | Paralysed by Grinder for 3 turns
  3202 | D:3      | Paralysed by Grinder for 5 turns
  3217 | D:3      | Paralysed by Grinder for 5 turns
  3221 | D:3      | HP: 1/28 [Grinder (2)]
  3230 | D:3      | Paralysed by Grinder for 4 turns
  3236 | D:3      | Killed Grinder
  3237 | D:3      | Reached XP level 5. HP: 6/33 MP: 5/5
  3237 | D:3      | Reached XP level 6. HP: 6/38 MP: 6/6
  3555 | D:3      | Slain by a hound

Illustrated notes

Levels and vault maps discovered:
D:1:      giann_horns, layout_basic, shapermc_ecumenical_altar_acropolis,
          minmay_nonomino_d4
D:2:      layout_rooms, minmay_joined_circles
D:3:      layout_basic, zin_purify, chequers_decorated_corner,
          cheibrodos_gnoll_hut, uniq_grinder

Skill      XL: |  1  2  3  4  5  6 |
---------------+-------------------+-----
Long Blades    | 2 3 |  3.3
Armour         | 4 |  4.9
Dodging        | 1 |  1.5
Shields        | 4 |  4.7
Fighting       | 4 |  4.0

Action                   |  1- 3 |  4- 6 || total
-------------------------+-------+-------++-------
Melee: Long sword        |   145 |   103 ||   248
  Use: Potion            |     1 |     2 ||     3
       Scroll            |     3 |     3 ||     6
Armor: Scale mail        |    94 |    60 ||   154
       Skin              |     3 |       ||     3
Dodge: Dodged            |    78 |    61 ||   139
Block: Buckler           |    41 |    16 ||    57

Table legend: (Time is in decaauts)
 A = Elapsed time spent in this place.
 B = Non-inter-level travel time spent in this place.
 C = Inter-level travel time spent in this place.
 D = Time resting spent in this place.
 E = Time spent auto-exploring this place.
 F = Levels seen in this place.
 G = Mean time per level.
                   A        B        C        D        E       F      G
               +--------+--------+--------+--------+--------+-----+--------+
         Total |   3633 |   3597 |     36 |     28 |   2914 |   3 | 1211.0 |
       Dungeon |   3633 |   3597 |     36 |     28 |   2914 |   3 | 1211.0 |
               +--------+--------+--------+--------+--------+-----+--------+

Top non-repeatable levels by time:
     D:1: 1557 daAuts
     D:3: 1077 daAuts
     D:2: 998 daAuts
